 Dungeon Sprint DCSS version 0.22-a0-836-gec0ffd4 (webtiles) character file.

5699 BaronVonScrub the Fencer (level 10, -5/88 HPs)
             Began as a Deep Dwarf Berserker on July 25, 2018.
             Was a High Priest of Trog.
             Slain by a demonic crawler (7 damage)
             ... while paralysed by a floating eye
             ... in the Dungeon (Sprint I: "Red Sonja").
             The game lasted 00:08:29 (1136 turns).

BaronVonScrub the Fencer (Deep Dwarf Berserker)     Turns: 1136, Time: 00:08:29

Health: -5/88      AC:  6    Str: 24    XL:     10   Next: 48%
Magic:  8/8        EV:  2    Int:  9    God:    Trog [*****.]
Gold:   148        SH:  0    Dex: 10    Spells: 9/9 levels left

rFire    . . .     SeeInvis .   l - +1 falchion (holy)
rCold    + . .     Gourm    .   (no shield)
rNeg     . . .     Faith    .   f - +2 leather armour {rC+}
rPois    .         Spirit   .   (no helmet)
rElec    .         Reflect  .   (no cloak)
rCorr    .         Harm     .   c - +1 pair of gloves {Str+3}
MR       +....     Rnd*Rage +   (no boots) Stlth +.........NoTele +
                                (no amulet)
HPRegen  0.00/turn              (no ring)
MPRegen  0.11/turn              (no ring)

@: paralysed, berserk cooldown, non-regenerating, slowed
A: damage resistance, heal wounds, talons 1, berserk 3, clumsy 1, deformed body,
deterioration 2, frail 2, sense surroundings 2, screaming 3, weak 1, evolution
1, no potion heal 1, subdued magic 1, no regeneration
a: Heal Wounds, Berserk, Trog's Hand, Brothers in Arms, Renounce Religion


You were in the Dungeon.
You worshipped Trog.
Trog was extremely pleased with you.
You were not hungry.

You visited 1 branch You collected 859 gold pieces.
You spent 711 gold pieces at shops.

Inventory:

Hand Weapons
 a - a +0 falchion
 j - a +0 giant spiked club
 l - a +1 falchion of holy wrath (weapon)
Armour
 b - a +0 animal skin
 c - a +1 pair of gloves of strength (worn)
 f - a +2 leather armour of cold resistance (worn)
 k - a +0 leather armour
Scrolls
 i - a scroll of blinking
 n - 2 scrolls of remove curse
Potions
 d - 3 potions of curing
 e - a potion of heal wounds
 g - 2 potions of magic
 m - a potion of lignification
Comestibles
 h - 2 rations


   Skills:
 + Level 13.8 Fighting
 + Level 15.8 Long Blades
 + Level 8.1 Armour
 + Level 10.7 Dodging


You had 9 spell levels left.
You didn't know any spells.
Your spell library was empty.

Dungeon Overview and Level Annotations

Branches:
Dungeon (1/1)

Altars:
Cheibriados
Dithmenos
Elyvilon
Fedhas
Gozag
Hepliaklqana
Kikubaaqudgha
Makhleb
Nemelex Xobeh
Okawaru
Qazlal
Ru
Sif Muna
Trog
Uskayaw
Vehumet
Wu Jian
Xom
Yredelemnul
Zin
The Shining One
Jiyva
Lugonu

Shops:
D %[=(%([


Innate Abilities, Weirdness & Mutations

You are resistant to damage.
You can heal yourself by infusing magical energy.
You passively map the area around you.
You do not regenerate.
You have sharp toenails.
You have an uncontrollable temper.
You are clumsy. (Dex -2)
Armour fits poorly on your strangely shaped body.
Your body often deteriorates upon taking damage.
You are very frail. (-20% HP)
You frequently scream uncontrollably at your foes.
You are weak. (Str -2)
You evolve.
Potions are less effective at restoring your health.
Your spells are a little easier to cast, but a little less powerful.


Message History

The kobold demonologist hits you but does no damage.
You are no longer berserk.
You feel yourself slow down.
Your skin stops crawling.
You feel less resistant to hostile enchantments.
The demonic crawler hits you. x3
The shadow imp puffs mist at you. The smoke demon gestures at you.
Something smites you!
* * * LOW HITPOINT WARNING * * *
The kobold demonologist casts a cantrip, but nothing happens.
The demonic crawler hits you!
* * * LOW HITPOINT WARNING * * *
The demonic crawler completely misses you.
The demonic crawler hits you!
* * * LOW HITPOINT WARNING * * *
The demonic crawler hits you.
* * * LOW HITPOINT WARNING * * *
The demonic crawler hits you!
You die...

##################### *
* .÷..#..'..#__#..@Ks5#
*, + ,
.#..').#..'..'..#ss5# *
###'#####'#__####G53'..#
, ##..#...#)####
)#####..+ ,
_####..##.#≈≈≈§c#, ** ##
* * ____##'#_.+≈≈§§§+,
,*,, * .∩...'.(._#≈§§.c#
, , ,+ , *
..__##_.#'##+### * **
____###(#(#[...### * ,
**+


You could see 3 demonic crawlers, a kobold demonologist, a smoke demon, a
floating eye, a shadow imp and 2 ufetubi.

Vanquished Creatures
  Sonja (D)
  A deep troll (D)
  8 shining eyes (D)
  A demonic crawler (D)
  A kobold demonologist (D)
  A slime creature (D)
  Sigmund (D)
  A yak (D)
  4 floating eyes (D)
  An ogre (D)
  A jelly (D)
  Ijyb (D)
  3 ballistomycetes (D)
25 creatures vanquished.

Vanquished Creatures (others)
  A gargoyle (D)
  2 ballistomycete spores (D)
3 creatures vanquished.

Grand Total: 28 creatures vanquished

Notes
Turn   | Place    | Note
-------+----------+-------------------------------------------
     0 | D        | BaronVonScrub the Deep Dwarf Berserker began the quest for the Orb.
     0 | D        | Reached XP level 1. HP: 20/20 MP: 1/1
     1 | D        | Noticed Ijyb
     7 | D        | Killed Ijyb
     7 | D        | Reached skill level 4 in Long Blades
     7 | D        | Reached XP level 2. HP: 30/30 MP: 2/2
    65 | D        | Gained mutation: You evolve. [potion of mutation]
    65 | D        | Gained mutation: Your body sometimes deteriorates upon taking damage. [potion of mutation]
    65 | D        | Gained mutation: You rapidly evolve. [potion of mutation]
   268 | D        | Noticed an ogre
   272 | D        | Killed an ogre
   272 | D        | Reached skill level 5 in Fighting
   272 | D        | Reached skill level 6 in Long Blades
   272 | D        | Reached XP level 3. HP: 40/40 MP: 3/3
   272 | D        | Reached XP level 4. HP: 48/48 MP: 4/4
   317 | D        | Noticed Sigmund
   323 | D        | Killed Sigmund
   323 | D        | Reached ** piety under Trog
   323 | D        | Reached skill level 8 in Long Blades
   323 | D        | Reached skill level 5 in Dodging
   323 | D        | Reached XP level 5. HP: 57/57 MP: 5/5
   323 | D        | Reached XP level 6. HP: 66/66 MP: 6/6
   346 | D        | Killed a gargoyle
   377 | D        | Found a deep blue altar of Sif Muna.
   378 | D        | Found an ornate altar of the Wu Jian Council.
   379 | D        | Found a radiant altar of Vehumet.
   383 | D        | Reached skill level 9 in Long Blades
   387 | D        | Found Melenot's Antique Weapon Emporium.
   387 | D        | Found an ancient bone altar of Kikubaaqudgha.
   387 | D        | Found a hazy altar of Hepliaklqana.
   387 | D        | Found a stormy altar of Qazlal.
   387 | D        | Found a hide-covered altar of Uskayaw.
   387 | D        | Found a blossoming altar of Fedhas.
   387 | D        | Found a bloodstained altar of Trog.
   387 | D        | Found an iron altar of Okawaru.
   387 | D        | Found a basalt altar of Yredelemnul.
   387 | D        | Found a glowing golden altar of the Shining One.
   387 | D        | Found a snail-covered altar of Cheibriados.
   387 | D        | Found a sacrificial altar of Ru.
   387 | D        | Found a glowing silver altar of Zin.
   387 | D        | Found a shadowy altar of Dithmenos.
   387 | D        | Found a white marble altar of Elyvilon.
   387 | D        | Noticed a yak
   465 | D        | Killed a yak
   465 | D        | Reached skill level 5 in Armour
   504 | D        | Found an opulent altar of Gozag.
   505 | D        | Found a sparkling altar of Nemelex Xobeh.
   509 | D        | Bought a glowing falchion for 120 gold pieces
   541 | D        | Noticed Sonja
   551 | D        | Killed Sonja
   551 | D        | Reached *** piety under Trog
   551 | D        | Reached skill level 10 in Fighting
   551 | D        | Reached skill level 11 in Long Blades
   551 | D        | Reached XP level 7. HP: 71/79 MP: 7/7
   551 | D        | Reached XP level 8. HP: 78/86 MP: 8/8
   726 | D        | Noticed a deep troll
   740 | D        | Killed a deep troll
   740 | D        | Reached skill level 12 in Long Blades
   810 | D        | Noticed a centaur warrior
   810 | D        | Noticed a centaur warrior
   816 | D        | Found Kitidef's Armour Emporium.
   821 | D        | Bought a +1 pair of gloves of strength for 198 gold pieces
   821 | D        | Bought a +2 leather armour of cold resistance for 228 gold pieces
   852 | D        | Found Lazesi's Food Boutique.
   861 | D        | Noticed a shining eye
   861 | D        | Noticed a shining eye
   861 | D        | Noticed a shining eye
   863 | D        | Paralysed by a floating eye for 2 turns
   868 | D        | Noticed a shining eye
   868 | D        | Noticed a shining eye
   868 | D        | Noticed a shining eye
   869 | D        | Gained mutation: You have sharp toenails. [a shining eye]
   869 | D        | Gained mutation: Your body often deteriorates upon taking damage. [a shining eye]
   872 | D        | Killed a shining eye
   872 | D        | Reached skill level 13 in Long Blades
   872 | D        | Gained mutation: You passively map the area around you. [Deep Dwarf growth]
   872 | D        | Reached XP level 9. HP: 97/97 MP: 7/7
   872 | D        | Paralysed by a floating eye for 3 turns
   872 | D        | Gained mutation: You are frail. (-10% HP) [a shining eye]
   874 | D        | Gained mutation: You tend to lose your temper in combat. [a shining eye]
   874 | D        | Gained mutation: You occasionally shout uncontrollably at your foes. [a shining eye]
   875 | D        | Gained mutation: You often lose your temper in combat. [a shining eye]
   875 | D        | Gained mutation: Armour fits poorly on your strangely shaped body. [a shining eye]
   880 | D        | Killed a shining eye
   882 | D        | Gained mutation: You sometimes yell uncontrollably at your foes. [a shining eye]
   883 | D        | Killed a shining eye
   883 | D        | Reached **** piety under Trog
   883 | D        | Reached skill level 14 in Long Blades
   886 | D        | Paralysed by a floating eye for 2 turns
   887 | D        | Lost mutation: You rapidly evolve. [a shining eye]
   887 | D        | Gained mutation: You are weak. (Str -2) [a shining eye]
   890 | D        | Gained mutation: You are very frail. (-20% HP) [a shining eye]
   893 | D        | Killed a shining eye
   895 | D        | Paralysed by a floating eye for 3 turns
   895 | D        | Gained mutation: You are clumsy. (Dex -2) [a shining eye]
   902 | D        | Killed a shining eye
   907 | D        | Paralysed by a floating eye for 4 turns
   909 | D        | Gained mutation: You frequently scream uncontrollably at your foes. [a shining eye]
   913 | D        | Killed a shining eye
   913 | D        | Reached skill level 10 in Dodging
   913 | D        | Reached XP level 10. HP: 88/88 MP: 8/8
   915 | D        | Reached skill level 15 in Long Blades
   916 | D        | Noticed a shining eye
   916 | D        | Noticed a shining eye
   922 | D        | Paralysed by a floating eye for 2 turns
   923 | D        | Gained mutation: Your spells are a little easier to cast, but a little less powerful. [a shining eye]
   925 | D        | Reached ***** piety under Trog
   929 | D        | Gained mutation: You have an uncontrollable temper. [a shining eye]
   930 | D        | Gained mutation: Potions are less effective at restoring your health. [a shining eye]
   931 | D        | Killed a shining eye
   939 | D        | Killed a shining eye
   946 | D        | Found Kuithrad's Antique Armour Shoppe.
   946 | D        | Found Mausidet's Food Shop.
   946 | D        | Found Leisisoo's Jewellery Emporium.
   946 | D        | Found Sulipp's Weapon Boutique.
  1041 | D        | Bought a ration for 55 gold pieces
  1041 | D        | Bought a ration for 55 gold pieces
  1041 | D        | Bought a ration for 55 gold pieces
  1094 | D        | Found a viscous altar of Jiyva.
  1094 | D        | Found a corrupted altar of Lugonu.
  1095 | D        | Found a burning altar of Makhleb.
  1095 | D        | Found a shimmering altar of Xom.
  1119 | D        | Paralysed by a floating eye for 4 turns
  1121 | D        | Noticed a smoke demon
  1124 | D        | Noticed a sun demon
  1133 | D        | Paralysed by a floating eye for 3 turns
  1136 | D        | HP: 4/88 [demonic crawler (10)]
  1136 | D        | Slain by a demonic crawler

Vault maps used:
D:        dungeon_sprint_1

Skill      XL: |  1  2  3  4  5  6  7  8  9 10 |
---------------+-------------------------------+-----
Fighting       | 4 5 7 10 11 13 | 13.8
Long Blades    | 4 6 8 11 13 14 15 | 15.8
Dodging        | 3 5 7 8 10 | 10.7
Armour         | 3 4 5 6 7 8 |  8.1

Action                   |  1- 3 |  4- 6 |  7- 9 | 10-12 || total
-------------------------+-------+-------+-------+-------++-------
Melee: Falchion          |     8 |    19 |    48 |    48 ||   123
       Kick              |       |       |    22 |    23 ||    45
Invok: Berserk           |     2 |     4 |     1 |     1 ||     8
       Trog's Hand       |       |     1 |     3 |     1 ||     5
 Abil: Heal Wounds       |       |       |     3 |     1 ||     4
  Use: Potion            |     1 |     1 |     1 |       ||     3
       Scroll            |       |     1 |     1 |       ||     2
  Eat: Chunk             |       |     3 |       |       ||     3
       Ration            |       |     1 |       |     1 ||     2
Armor: Animal skin       |     1 |       |       |       ||     1
       Leather armour    |       |     4 |     1 |     6 ||    11
Dodge: Dodged            |     2 |    18 |    11 |     9 ||    40
       Rpst.: Falchion   |       |     5 |     1 |       ||     6

Table legend:
 A = Spawn XP
 B = Non-spawn XP
 C = Spawn XP percentage of total XP
 D = Spawn monster count
 E = Non-spawn monster count
 F = Spawn count percentage of total count
 G = Total turns spent on level
                    A         B        C        D         E        F      G
               +---------+---------+-------+---------+---------+-------+---------
         Total |       0 |    8142 |   0.0 |       0 |      22 |   0.0 |  1136
               +---------+---------+-------+---------+---------+-------+---------
             D |       0 |    8142 |   0.0 |       0 |      22 |   0.0 |  1136
               +---------+---------+-------+---------+---------+-------+---------
